Map: Dusk Towers

Players

Glub

  • Race: Protoss Protoss

LilDicky - Winner!

  • Race: Terran Terran
  • League: Diamond

VOD

http://www.twitch.tv/tumescentpie

Description

Time

  • Played on: Dec. 4, 2015, 10:28 a.m.
  • Length: 5:56
Show
View Real Time Build Order
Export as new Build Order

Glub Protoss 

Build Orders:  

Get SALT Encoding   

  12  0:01  Probe (Chrono Boost)  
  13  0:12  Probe (Chrono Boost)  
  14  0:18  Pylon  
  14  0:23  Probe (Chrono Boost)  
  15  0:36  Probe (Chrono Boost)  
  15  0:38  Gateway  
  16  0:44  Assimilator  
  16  0:47  Probe (Chrono Boost)  
  17  0:58  Probe (Chrono Boost)  
  17  1:02  Pylon  
  18  1:09  Probe (Chrono Boost)  
  19  1:23  Probe (Chrono Boost)  
  20  1:25  Cybernetics Core  
  20  1:33  Probe (Chrono Boost)  
  21  1:44  Probe (Chrono Boost)  
  22  1:50  Nexus  
  22  2:02  Warp Gate (Chrono Boost)  
  22  2:05  Mothership Core  
  24  2:08  Assimilator  
  24  2:17  Adept  
  26  2:26  Probe  
  27  2:34  Pylon  
  27  2:38  Probe  
  28  2:50  Probe  
  29  2:56  Robotics Facility  
  29  3:01  Probe  
  29  3:03  Probe  
  31  3:07  Stalker  
  31  3:10  Pylon  
  32  3:21  Probe x2  
  32  3:26  Assimilator  
  34  3:31  Assimilator  
  34  3:34  Probe x2  
  36  3:43  Observer  
  36  3:46  Probe  
  36  3:47  Stalker  
  37  3:53  Probe  
  38  3:58  Probe  
  39  4:14  Probe  
  39  4:15  Probe  
  41  4:24  Gateway  
  41  4:25  Gateway  
  41  4:37  Stalker  
  43  4:40  Probe  
  43  4:42  Probe  
  44  4:54  Pylon  
  44  4:56  Pylon  
  44  5:02  Stalker  
  44  5:04  Probe  
  44  5:05  Probe  
  48  5:17  Gateway  
  48  5:18  Pylon  
  52  5:22  Stalker  
  52  5:23  Sentry  
  56  5:29  Mothership Core  
  56  5:33  Probe  
  57  5:40  Stalker  
Show
View Real Time Build Order
Export as new Build Order

LilDicky Terran - Winner!

Build Orders: MMM Bio 

Get SALT Encoding   

  12  0:01  SCV  
  13  0:14  SCV  
  14  0:20  Supply Depot  
  14  0:30  SCV  
  14  0:32  Refinery  
  15  0:42  SCV  
  16  0:46  Barracks  
  16  0:55  SCV  
  17  1:07  SCV  
  18  1:19  SCV  
  19  1:31  SCV  
  20  1:34  Supply Depot  
  20  1:35  Marine  
  20  1:37  Factory  
  21  1:43  Orbital Command  
  21  1:58  Marine  
  21  2:01  Barracks  
  22  2:05  Barracks  
  22  2:11  SCV  
  23  2:16  Refinery  
  23  2:25  Barracks Reactor  
  23  2:30  SCV  
  24  2:37  Widow Mine  
  26  2:50  Barracks Tech Lab  
  25  2:53  SCV  
  25  2:54  Barracks Tech Lab  
  26  3:00  Supply Depot  
  26  3:01  Marine  
  26  3:02  Marine  
  26  3:05  SCV  
  29  3:08  Widow Mine  
  31  3:18  Combat Shields, Stimpack  
  31  3:21  Marine x2  
  31  3:22  SCV, Supply Depot  
  34  3:27  Marine  
  34  3:28  Marine  
  34  3:34  SCV  
  37  3:36  Starport  
  37  3:53  Marauder x2, Marine x2  
  41  3:55  Widow Mine  
  41  4:00  SCV  
  44  4:07  Supply Depot  
  44  4:12  SCV  
  43  4:17  Marauder  
  43  4:23  Medivac  
  47  4:29  SCV  
  48  4:35  Marauder, Marine  
  51  4:38  Marauder  
  51  4:41  SCV  
  52  4:48  Supply Depot  
  51  4:53  SCV  
  51  4:57  Marauder  
  54  5:02  Marine  
  54  5:03  Marauder  
  54  5:04  Marine  
  54  5:07  Concussive Shells  
  58  5:10  Starport Reactor  
  58  5:20  Supply Depot  
Tags
 
Add a new tag
Caveats
  • Supply blocks, unpowered buildings, or Contaminate may cause inaccurate times.
  • Supply counts are checked every 10 seconds.